 Dungeon Crawl Stone Soup version 0.28.0-43-g3370ac3207 (webtiles) character file.

Game seed: 14216966275132171751

1955 issech the Basher (level 8, -6/79 HPs)
             Began as a Troll Monk on Mar 23, 2022.
             Mangled by a kobold brigand
             ... wielding a +0 club
              (7 damage)
             ... on level 6 of the Dungeon.
             The game lasted 00:20:31 (4021 turns).

issech the Basher (Troll Monk)                      Turns: 4021, Time: 00:20:34

Health: -6/79      AC:  4    Str: 20    XL:     8   Next: 99%
Magic:  7/7        EV: 12    Int: 12    God:
Gold:   280        SH:  0    Dex: 18    Spells: 7/7 levels left

rFire   . . .      SeeInvis .   x - +4 flail of the Immovable Spirits {vorpal, Dex+4}
rCold   . . .      Faith    .   (no shield)
rNeg    . . .      Spirit   .   b - +0 robe
rPois   .          Reflect  .   (helmet restricted)
rElec   .          Harm     .   (no cloak)
rCorr   .          Rampage  .   (gloves unavailable)
Will    +....                   (boots unavailable)
Stlth   ++........              C - amulet of the acrobat
HPRegen 1.03/turn               g - +6 ring of intelligence
MPRegen 0.10/turn               s - ring of willpower

@: lethally poisoned (-6 -> -7), slowed, very slow
A: large, unfitting armour, claws 3, regeneration 1, shaggy fur 1, tough skin 1
a: no special abilities


You were on level 6 of the Dungeon.
You visited 1 branch of the dungeon, and saw 6 of its levels.

You collected 304 gold pieces.
You spent 24 gold pieces at shops.

Inventory:

Hand Weapons
 m - a +0 hunting sling
 v - a +0 club
 w - a +4 vampiric dagger
 x - the +4 flail of the Immovable Spirits (weapon) {vorpal, Dex+4}
   (You took it off an orc on level 3 of the Dungeon)

   It inflicts extra damage upon your enemies.
   Dex:       It affects your dexterity (+4).
 y - a +2 flail of protection
 E - a +2 whip of electrocution
 I - a +0 giant club
Missiles
 c - 8 poisoned darts (quivered)
 d - 105 stones
 k - 37 sling bullets
 z - 41 arrows
 F - 27 bolts
 H - 2 atropa-tipped darts
Armour
 b - a +0 robe (worn)
 A - a scarf of harm
Magical Staves
 i - a staff of poison
 j - a staff of death
 G - a staff of earth
Jewellery
 g - a +6 ring of intelligence (left claw)
 s - a ring of willpower (right claw)
 C - an amulet of the acrobat (around neck)
Wands
 h - a wand of digging (4)
 K - a wand of charming (13)
Scrolls
 a - a scroll of torment
 f - 2 scrolls of brand weapon
 l - a scroll of enchant weapon
 n - a scroll of amnesia
 p - a scroll of magic mapping
 q - 6 scrolls of fog
 J - a scroll of identify
Potions
 e - a potion of mutation {unknown}
 o - a potion of cancellation {unknown}
 r - a potion of lignification {unknown}
 t - 2 potions of flight {unknown}
 u - a potion of degeneration {unknown}
 B - 2 potions of attraction {unknown}
 D - 2 potions of curing {unknown}


   Skills:
 + Level 4.9 Fighting
 + Level 8.4 Maces & Flails
 + Level 4.6 Dodging
 + Level 2.4 Stealth


You had 7 spell levels left.
You didn't know any spells.
Your spell library contained the following spells:

 Spells                   Type           Power      Damage    Failure   Level
 Corpse Rot               Necr/Air       0%         N/A       45%         2
 Poisonous Vapours        Pois/Air       0%         N/A       45%         2


Dungeon Overview and Level Annotations

Branches:
Dungeon (6/15)
 Temple: D:4-7

Altars:
Vehumet
Yredelemnul

Shops:
D:1 *   D:5 (


Innate Abilities, Weirdness & Mutations

You are too large for most types of armour.
You have claws for hands.
Your natural rate of healing is unusually fast.
You are covered in fur. (AC +1)
You have tough skin. (AC +1)


Message History

You feel extremely sick.
You feel very sick.
You feel very sick.
The kobold brigand throws a curare-tipped dart.
The curare-tipped dart hits you.
You are more poisoned.
You have difficulty breathing.
* * * LOW HITPOINT WARNING * * *
You feel as though you will be slow longer.
You feel extremely sick.
The kobold brigand completely misses you.
You closely miss the kobold brigand.
You feel very sick.
The kobold throws a stone.
The stone hits you but does no damage.
The kobold brigand hits you with a +0 club.
* * * LOW HITPOINT WARNING * * *
You feel very sick.
The kobold brigand completely misses you.
You hit the kobold brigand.
The kobold brigand is lightly wounded.
You feel sick.
The kobold brigand hits you with a +0 club!
* * * LOW HITPOINT WARNING * * *
You hit the kobold brigand but do no damage.
The kobold brigand is lightly wounded.
You feel sick. The kobold brigand barely misses you.
The kobold brigand hits you but does no damage.
Unknown command.
Okay, then.
You sock the kobold brigand!
The kobold brigand is heavily wounded.
You feel sick. The kobold brigand closely misses you.
Unknown command.
You thump the kobold brigand!
The kobold brigand is almost dead.
You feel sick.
The kobold brigand hits you with a +0 club.
* * * LOW HITPOINT WARNING * * *
The kobold brigand hits you with a +0 club!
You die...

#.....#..... #>#
##.......... #.#
##..#...... #.#
##.###..... #.#
######..# #.###.
#.# #..†K..## #
##.. #.#
#.############..
#.#####K# #.....[..
#....@KK#
##.######)
###.####### #..# ##
##...###########.##
#
#................#
#
##...#############
# ........# #
........# #
........# #
#########


You could see a kobold brigand and 2 kobolds.

Vanquished Creatures
  Pikel (D:4)
  Grinder (D:4)
  A water moccasin (D:6)
  Duvessa (D:4)
  A sky beast (D:5)
  A black bear (D:4)
  An ogre (D:5)
  A water moccasin zombie (D:5)
  A scorpion (D:5)
  Dowan (D:4)
  A jelly (D:4)
  An orc priest (D:5)
  A bullfrog skeleton (D:4)
  A hound (D:5)
  A centaur skeleton (D:4)
  Jessica (D:3)
  Natasha (D:1)
  Terence (D:2)
  3 iguanas
  3 orc wizards (D:3)
  2 hound skeletons
  A hound zombie (D:3)
  3 gnolls
  7 adders
  A white imp (D:6)
  An adder zombie (D:3)
  3 dart slugs (D:3)
  21 orcs
  7 ball pythons
  7 endoplasms
  2 giant cockroaches (D:4)
  4 goblins
  3 hobgoblins (D:4)
  6 kobolds
  2 quokkas
  5 bats
  3 frilled lizards
  A quokka skeleton (D:4)
  3 rats
  A spectral kobold (D:1)
107 creatures vanquished.

Notes
Turn   | Place    | Note
-------+----------+-------------------------------------------
     0 | D:1      | issech the Troll Monk began the quest for the Orb.
     0 | D:1      | Reached XP level 1. HP: 22/22 MP: 0/0
    90 | D:1      | Found Nuhuokaq's General Store.
   234 | D:1      | Reached XP level 2. HP: 29/29 MP: 1/1
   303 | D:1      | Found a faded altar of an unknown god.
   310 | D:1      | Reached skill level 3 in Maces & Flails
   686 | D:1      | Bought a scroll of identify for 24 gold pieces
   986 | D:2      | Reached XP level 3. HP: 6/36 MP: 2/2
  1083 | D:2      | Noticed Terence
  1139 | D:2      | Killed Terence
  1191 | D:2      | Noticed Natasha
  1230 | D:1      | Killed Natasha
  1231 | D:1      | Reached XP level 4. HP: 35/44 MP: 3/3
  1276 | D:2      | Reached skill level 4 in Maces & Flails
  1748 | D:3      | You fall into a shaft and drop 1 floor!
  1788 | D:4      | Reached XP level 5. HP: 46/53 MP: 4/4
  1978 | D:4      | Noticed Grinder
  1982 | D:4      | Paralysed by Grinder for 6 turns
  1990 | D:3      | Identified the +4 flail of the Immovable Spirits {vorpal,
                  | Dex+4}
  2006 | D:3      | Found a radiant altar of Vehumet.
  2124 | D:3      | Noticed Jessica
  2133 | D:3      | Killed Jessica
  2178 | D:3      | Reached XP level 6. HP: 61/61 MP: 5/5
  2420 | D:3      | Found a basalt altar of Yredelemnul.
  2631 | D:4      | Reached skill level 5 in Maces & Flails
  2657 | D:4      | Noticed Duvessa
  2671 | D:4      | Killed Duvessa
  2671 | D:4      | Noticed Dowan
  2679 | D:4      | Killed Dowan
  2779 | D:4      | Reached XP level 7. HP: 68/68 MP: 6/6
  2799 | D:4      | Reached skill level 6 in Maces & Flails
  3004 | D:4      | Killed Grinder
  3062 | D:4      | Noticed Pikel
  3106 | D:4      | Killed Pikel
  3107 | D:4      | Reached skill level 7 in Maces & Flails
  3107 | D:4      | Reached XP level 8. HP: 37/79 MP: 7/7
  3276 | D:5      | Entered Level 5 of the Dungeon
  3276 | D:5      | Found Sisobygg's Weapon Boutique.
  3486 | D:5      | Reached skill level 8 in Maces & Flails
  4018 | D:6      | HP: 3/79 [kobold brigand/+0 club (7)]
  4021 | D:6      | HP: 1/79 [kobold brigand/+0 club (2)]
  4021 | D:6      | Mangled by a kobold brigand

Illustrated notes

Levels and vault maps discovered:
D:1:      dpeg_arrival_shrine, layout_basic, serial_shops,
          nicolae_shop_advertising_works [nicolae_subvault_shop_adworks],
          dreamdust_ecumenical_altar_drowned_temple, minivault_19,
          chequers_serial_rivers_small_3, minmay_cupped
D:2:      layout_rooms, uniq_natasha, uniq_terence
D:3:      layout_rooms, lemuel_tele_altar, lemuel_zombie_altar_yredelemnul,
          uniq_jessica
D:4:      layout_loops_ring, chequers_serial_rivers_micro_a,
          minmay_fractal_squares_5, uniq_duvessa, uniq_grinder, uniq_pikel
D:5:      layout_cave_pools, serial_shops, shop
D:6:      nicolae_cairo_tiling_large_dashed, layout_rooms,
          minmay_temple_entry_antechambers, serial_shops, shop, uniq_eustachio

Skill      XL: |  1  2  3  4  5  6  7  8 |
---------------+-------------------------+-----
Maces & Flails | 3 4 5 7 8 |  8.4
Dodging        | 3 4 |  4.6
Fighting       | 3 4 |  4.9
Stealth        | 2 |  2.4

Action                   |  1- 3 |  4- 6 |  7- 9 || total
-------------------------+-------+-------+-------++-------
Melee: Mace              |    77 |       |       ||    77
       Flail             |    28 |   146 |   114 ||   288
       Punch             |       |       |     5 ||     5
  Use: Scroll            |     2 |     3 |     1 ||     6
 Stab: Sleeping          |     2 |     2 |     3 ||     7
Armor: Robe              |    35 |    42 |    27 ||   104
Dodge: Dodged            |    72 |    61 |    85 ||   218
